Map: 雷鳥 - 天梯版

Players

Has

  • Race: Protoss Protoss
  • Spawn Location: 5:00

ButAlways - Winner!

  • Race: Protoss Protoss
  • League: Platinum
  • Spawn Location: 11:00

VOD

Have the link to the VOD?

Description

Time

  • Played on: Sept. 7, 2019, 12:02 p.m.
  • Length: 8:46
Show
View Real Time Build Order
Export as new Build Order

Has Protoss 

Build Orders: Phoenix Opening 

Get SALT Encoding   

  12  0:00  Probe  
  13  0:12  Probe  
  14  0:17  Pylon  
  14  0:23  Probe  
  14  0:27  Assimilator  
  15  0:31  Probe  
  15  0:42  Gateway, Probe  
  17  0:53  Probe  
  18  0:59  Assimilator  
  18  1:01  Probe  
  18  1:09  Gateway  
  18  1:10  Probe  
  20  1:21  Probe  
  20  1:24  Pylon  
  21  1:30  Cybernetics Core  
  21  1:33  Probe  
  22  1:45  Probe  
  23  1:57  Probe  
  24  2:01  Pylon  
  24  2:06  Stalker x2  
  24  2:07  Warp Gate  
  28  2:09  Probe  
  29  2:23  Stargate  
  29  2:36  Stalker  
  31  2:41  Stalker  
  33  2:58  Phoenix  
  33  3:00  Shield Battery  
  35  3:14  Pylon  
  35  3:17  Stalker  
  35  3:19  Stalker  
  39  3:31  Phoenix  
  41  3:50  Pylon  
  41  3:54  Pylon  
  41  3:57  Phoenix  
  41  4:00  Zealot x2  
  47  4:13  Phoenix  
  47  4:14  Pylon  
  47  4:22  Zealot x2  
  53  4:37  Shield Battery  
  53  4:41  Phoenix  
  51  4:46  Pylon  
  51  4:59  Shield Battery  
  51  5:00  Shield Battery  
  51  5:03  Shield Battery  
  51  5:06  Sentry  
  53  5:14  Phoenix  
  53  5:18  Pylon  
  55  5:28  Gateway  
  55  5:33  Zealot  
  51  5:44  Phoenix  
  49  5:54  Zealot  
  53  5:57  Shield Battery  
  53  6:05  Robotics Facility  
  53  6:07  Phoenix  
  55  6:27  Adept x2  
  55  6:30  Phoenix  
  59  6:36  Pylon  
  60  6:58  Immortal  
  64  7:03  Zealot x2  
  68  7:14  Pylon  
  68  7:25  Zealot  
  68  7:27  Immortal  
  66  7:51  Sentry  
  49  8:20  Zealot  
Show
View Real Time Build Order
Export as new Build Order

ButAlways Protoss - Winner!

Build Orders:  

Get SALT Encoding   

  12  0:00  Probe  
  13  0:13  Probe  
  14  0:16  Pylon  
  14  0:24  Probe  
  15  0:32  Probe  
  15  0:34  Gateway  
  15  0:40  Probe  
  16  0:46  Assimilator  
  17  0:51  Probe  
  17  0:54  Assimilator  
  18  0:59  Probe  
  19  1:07  Gateway  
  19  1:08  Probe  
  19  1:17  Probe  
  20  1:23  Cybernetics Core  
  21  1:29  Probe  
  22  1:33  Pylon  
  22  1:41  Probe  
  23  1:50  Warp Gate  
  23  2:00  Stalker x2  
  27  2:11  Robotics Facility  
  27  2:17  Gateway  
  27  2:30  Stalker  
  27  2:34  Stalker  
  31  2:40  Pylon  
  31  2:47  Pylon  
  31  2:54  Warp Prism  
  33  3:10  Shield Battery  
  33  3:29  Observer  
  34  3:38  Sentry, Stalker  
  34  3:39  Stalker  
  40  3:45  Pylon  
  40  4:02  Stalker x2  
  44  4:06  Stalker  
  46  4:27  Sentry  
  52  4:33  Adept x2  
  52  4:39  Observer  
  52  4:44  Observer  
  52  4:55  Pylon  
  52  4:57  Pylon  
  52  5:00  Observer  
  52  5:13  Immortal  
  56  5:15  Stalker  
  56  5:18  Stalker x2  
  54  5:45  Stalker x3  
  50  5:53  Warp Prism  
  52  5:59  Sentry, Stalker  
  56  6:10  Stalker  
  58  6:15  Observer  
  54  6:26  Stalker x2  
  60  6:41  Observer  
  60  6:46  Observer  
  53  6:48  Stalker  
  53  6:50  Sentry  
  53  6:51  Stalker  
  58  7:01  Observer  
  58  7:05  Probe  
  59  7:16  Stalker x2  
  59  7:19  Stalker  
  65  7:40  Stalker x2  
  69  8:00  Sentry  
  59  8:24  Stalker  
  59  8:26  Stalker  
  51  8:38  Stalker  
Tags
 
Add a new tag
Caveats
  • Supply blocks, unpowered buildings, or Contaminate may cause inaccurate times.
  • Supply counts are checked every 10 seconds.